 Dungeon Crawl Stone Soup version 0.27.1-33-g824d729ab1 (webtiles) character file.

Game seed: 13440963190789338246

281 ShinMegamiTenseiJew the Cudgeller (level 6, -3/56 HPs)
             Began as a Minotaur Berserker on Dec 10, 2021.
             Was a Priest of Trog.
             Succumbed to a killer bee's poison
             ... on level 5 of the Dungeon.
             The game lasted 00:40:13 (2514 turns).

ShinMegamiTenseiJew the Cudgeller (MiBe)            Turns: 2514, Time: 00:40:14

Health: -3/56      AC: 13    Str: 20 (22) XL:     6   Next: 6%
Magic:  5/5        EV:  6    Int:  3 (4)  God:    Trog [***...]
Gold:   186        SH:  0    Dex: 10 (11) Spells: 5/5 levels left

rFire    . . .     SeeInvis .   a - +0 mace
rCold    . . .     Faith    .   (no shield)
rNeg     . . .     Spirit   .   j - +0 plate armour
rPois    .         Reflect  .   (helmet restricted)
rElec    .         Harm     .   (no cloak)
rCorr    .         Rampage  .   p - +0 pair of gloves
Will     .....                  (no boots)
Stlth    ..........             (no amulet)
HPRegen  0.18/turn              (no ring)
MPRegen  0.09/turn              (no ring)

@: lethally poisoned (-3 -> -19)
A: horns 2, retaliatory headbutt
a: Renounce Religion, Berserk, Trog's Hand


You were on level 5 of the Dungeon.
You worshipped Trog.
Trog was most pleased with you.
You visited 1 branch of the dungeon, and saw 5 of its levels.

You collected 186 gold pieces.

Inventory:

Hand Weapons
 a - a +0 mace (weapon)
Missiles
 e - 42 stones (quivered)
 o - 12 sling bullets
 q - 3 javelins
Armour
 j - a +0 plate armour (worn)
 p - a +0 pair of gloves (worn)
Jewellery
 i - an amulet of magic regeneration
Scrolls
 c - a scroll of brand weapon {unknown}
 f - 2 scrolls of teleportation {unknown}
 h - 2 scrolls of identify {unknown}
 k - a scroll of noise {unknown}
 l - a scroll of amnesia {unknown}
 r - a scroll of magic mapping {unknown}
 s - a scroll of enchant weapon {unknown}
Potions
 b - 2 potions of berserk rage {unknown}
 d - a potion of brilliance {unknown}
 g - a potion of curing {unknown}
 m - a potion of resistance {unknown}
 n - 2 potions of heal wounds {unknown}
 t - a potion of ambrosia {unknown}


   Skills:
 + Level 5.2 Fighting
 + Level 6.0 Maces & Flails
 + Level 4.0 Armour
 + Level 2.9 Dodging
 + Level 0.5 Stealth


You had 5 spell levels left.
You didn't know any spells.
Your spell library contained the following spells:

 Spells                   Type           Power      Damage    Failure   Level
 Stone Arrow              Conj/Erth      0%         3d7       100%        3
 Animate Armour           Summ/Erth      0%         N/A       100%        4
 Lehudib's Crystal Spear  Conj/Erth      0%         10d2      100%        8


Dungeon Overview and Level Annotations

Branches:
Dungeon (5/15)
 Temple: D:4-7

Altars:
Dithmenos
Gozag
Uskayaw

Annotations:
D:4 Eustachio
D:5 1 transporter, sking99's ghost, novice TrMo


Innate Abilities, Weirdness & Mutations

You have a pair of horns on your head.
You reflexively headbutt those who attack you in melee.


Message History

The adder is lightly wounded.
The adder bites you but does no damage. The adder closely misses you.
You hit the adder.
The adder is moderately wounded.
The adder barely misses you.
You barely miss the adder. You headbutt the adder!
You kill the adder!
Trog accepts your kill.
You feel your intelligence returning.
Your Armour skill increases to level 4!
Found a stone staircase leading down.
You see here 9 gold pieces.
You now have 175 gold pieces (gained 9).
Found a whip.
Unknown command.
Found a transporter.
The orc shouts!
Sking99's ghost turns its malevolent gaze towards you.
The killer bee buzzes angrily.
There is a transporter here.
You enter the transporter and appear at another place.
Found a scroll labelled DIYTZIA RIMIXT and 20 gold pieces.
Found a transporter.
The killer bee stings you.
* * * LOW HITPOINT WARNING * * *
You are poisoned.
The killer bee poisons you!
You feel sick. The killer bee stings you.
* * * LOW HITPOINT WARNING * * *
Sking99's ghost flexes its fingers.
You see here 11 gold pieces.
You now have 186 gold pieces (gained 11).
* * * LOW HITPOINT WARNING * * *
You feel sick.
The killer bee stings you but does no damage.
The killer bee stings you.
* * * LOW HITPOINT WARNING * * *
You are more poisoned.
The killer bee poisons you!
You die...

############# #
##...........## ##
#..#########..# #.
#.##©......##.# #.
#.#8.......8#.# #.
##.#.........#.## #.
##..#.........#..## ##
#..©#?...©....#©..#####
#...#$@Zo.....#........
#.#.#..yW.....#.######.
#.#8.......8#.# #.
#.##.......##.# #.
#..#########..# #.
##...........## ##
############# #### ....
###.


You could see a killer bee, sking99's ghost, an orc and a water moccasin zombie.

Vanquished Creatures
  A water moccasin skeleton (D:5)
  A hound (D:5)
  A jelly (D:5)
  An orc priest (D:5)
  An iguana (D:3)
  An orc wizard (D:3)
  3 adders
  A worm (D:2)
  A dart slug (D:2)
  8 orcs
  3 bats (D:1)
  3 endoplasms
  4 giant cockroaches
  8 goblins
  3 hobgoblins
  4 jackals (D:1)
  A quokka (D:5)
  3 ball pythons
  3 frilled lizards (D:1)
  8 kobolds
  6 rats
65 creatures vanquished.

Notes
Turn   | Place    | Note
-------+----------+-------------------------------------------
     0 | D:1      | ShinMegamiTenseiJew the Minotaur Berserker began the quest
                  | for the Orb.
     0 | D:1      | Reached XP level 1. HP: 19/19 MP: 0/0
   185 | D:1      | Reached XP level 2. HP: 27/27 MP: 1/1
   196 | D:1      | Reached skill level 4 in Maces & Flails
   703 | D:1      | You fall into a shaft and drop 1 floor!
   768 | D:1      | Reached XP level 3. HP: 27/33 MP: 2/2
   812 | D:1      | Reached ** piety under Trog
  1203 | D:2      | Found a hide-covered altar of Uskayaw.
  1832 | D:3      | Found a shadowy altar of Dithmenos.
  1849 | D:3      | Reached XP level 4. HP: 40/41 MP: 3/3
  2009 | D:4      | Found an opulent altar of Gozag.
  2010 | D:4      | Found an opulent altar of Gozag.
  2012 | D:4      | Found an opulent altar of Gozag.
  2030 | D:4      | Found an opulent altar of Gozag.
  2350 | D:4      | Noticed Eustachio
  2382 | D:5      | Entered Level 5 of the Dungeon
  2387 | D:5      | Reached skill level 5 in Maces & Flails
  2389 | D:5      | Reached XP level 5. HP: 40/47 MP: 4/4
  2390 | D:5      | Reached skill level 5 in Fighting
  2441 | D:5      | Reached *** piety under Trog
  2456 | D:5      | Found a hide-covered altar of Uskayaw.
  2467 | D:5      | Reached skill level 6 in Maces & Flails
  2467 | D:5      | Reached XP level 6. HP: 12/56 MP: 5/5
  2501 | D:5      | Found a transporter.
  2503 | D:5      | Noticed sking99's ghost (novice TrMo)
  2509 | D:5      | Found a transporter.
  2513 | D:5      | HP: 1/56 [killer bee (6)]
  2514 | D:5      | Succumbed to a killer bee's poison

Illustrated notes

Levels and vault maps discovered:
D:1:      lemuel_arrival_rhombus, layout_loops_ring
D:2:      layout_rooms, basic_altar
D:3:      layout_rooms, mainiacjoe_overflow_boulevard, uniq_jessica
D:4:      layout_basic, nicolae_gozag_conspicuous_consumption,
          solitary_fountain, nrook_mini_vaults, minmay_checkerbox,
          uniq_eustachio, uniq_duvessa, uniq_blork_the_orc
D:5:      layout_gridville, nicolae_uskayaw_murder_on_the_dancefloor,
          gammafunk_ghost_arena

Skill      XL: |  1  2  3  4  5  6 |
---------------+-------------------+-----
Maces & Flails | 4 5 6 |  6.0
Fighting       | 4 5 |  5.2
Armour         | 3 4 |  4.0
Dodging        | |  2.9
Stealth        | |  0.5

Action                   |  1- 3 |  4- 6 || total
-------------------------+-------+-------++-------
Melee: Mace              |    84 |    59 ||   143
       Headbutt          |     9 |    12 ||    21
  Use: Potion            |     1 |     1 ||     2
Armor: Animal skin       |    11 |       ||    11
       Scale mail        |     7 |       ||     7
       Plate armour      |     5 |    57 ||    62
Dodge: Dodged            |    60 |    37 ||    97
